[Event "45th FIDE Womens Olympiad 2024"]
[Site "Budapest"]
[Date "2024.09.11"]
[Round "1.202"]
[White "Mendez Tovar, Yessica Yissel"]
[Black "Besrat Mesgena Yoseph"]
[Result "1-0"]
[ECO "C49"]
[WhiteElo "2004"]
[BlackElo "1557"]
[Annotator "NA"]
[PlyCount "97"]
[EventDate "2024.09.05"]
[EventType "team-tourn"]
[EventCountry "HUN"]
[SourceTitle "playchess.com"]
[Source "ChessBase"]
[SourceQuality "1"]
[WhiteTeam "Mexico"]
[BlackTeam "Eritrea"]
[WhiteTeamCountry "MEX"]
[BlackTeamCountry "ERI"]
[TimeControl "40/5400+30:1800+30"]

1. e4 e5 2. Nf3 Nc6 3. Nc3 Nf6 4. Bb5 Bb4 5. O-O O-O 6. Bxc6 dxc6 7. d3 Bxc3 8. bxc3 Nd7 9. d4 Qf6 10. Re1 h6 11. Bb2 c5 12. Qe2 cxd4 13. cxd4 Re8 14. dxe5 Nxe5 15. Nxe5 Rxe5 16. Bxe5 Qxe5 17. Rab1 Qg5 18. Qe3 Qg6 19. f4 f5 20. e5 b6 21. Rbd1 Bb7 22. Rd2 Re8 23. Qb3+ Kh7 24. Re3 Rd8 25. Red3 Rxd3 26. cxd3 Qg4 27. Rf2 h5 28. d4 Qg6 29. d5 Qf7 30. Rd2 h4 31. d6 Qxb3 32. axb3 cxd6 33. exd6 Bc6 34. d7 Bxd7 35. Rxd7 a5 36. Rb7 Kh6 37. Rxb6+ g6 38. Ra6 Kh5 39. Rxa5 Kg4 40. b4 Kxf4 41. b5 g5 42. b6 g4 43. b7 g3 44. b8=Q+ Kg4 45. h3+ Kg5 46. Qe5 Kh6 47. Qf6+ Kh7 48. Ra7+ Kg8 49. Qg7# 1-0

[Event "45th FIDE Womens Olympiad 2024"]
[Site "Budapest"]
[Date "2024.09.11"]
[Round "1.203"]
[White "Elshalom Essayas Berhane"]
[Black "Padilla Garcia, Cecilia Xasive"]
[Result "0-1"]
[ECO "B23"]
[WhiteElo "1659"]
[BlackElo "1954"]
[Annotator "NA"]
[PlyCount "92"]
[EventDate "2024.09.05"]
[EventType "team-tourn"]
[EventCountry "HUN"]
[SourceTitle "playchess.com"]
[Source "ChessBase"]
[SourceQuality "1"]
[WhiteTeam "Eritrea"]
[BlackTeam "Mexico"]
[WhiteTeamCountry "ERI"]
[BlackTeamCountry "MEX"]
[TimeControl "40/5400+30:1800+30"]

1. e4 c5 2. Nc3 d6 3. f4 Nc6 4. Bb5 Bd7 5. Bxc6 Bxc6 6. Nf3 Nf6 7. d3 g6 8. O-O Bg7 9. Qe1 Nd7 10. f5 Ne5 11. Nxe5 Bxe5 12. Bf4 Bxf4 13. Rxf4 g5 14. Rf2 f6 15. Nd5 h5 16. c4 b5 17. Rc1 bxc4 18. dxc4 Rb8 19. a3 Rb3 20. Rc3 Qa5 21. Qe3 Rxc3 22. Qxc3 Qxc3 23. Nxc3 Kd7 24. Nd5 Rb8 25. Kf1 Rb3 26. Nc3 Bb7 27. Rc2 Ba6 28. Nd5 Rd3 29. Ke2 Rd4 30. b3 Rxe4+ 31. Kf2 Bb7 32. Re2 Bxd5 33. cxd5 Rf4+ 34. Ke1 Rxf5 35. Rd2 Re5+ 36. Kf2 Kc7 37. Kf3 Kb6 38. Rd3 Kb5 39. Re3 c4 40. Rxe5 fxe5 41. bxc4+ Kxc4 42. Ke4 a5 43. Kf5 Kxd5 44. Kxg5 e4 45. Kf4 Kd4 46. h3 e3 0-1

[Event "45th FIDE Womens Olympiad 2024"]
[Site "Budapest"]
[Date "2024.09.11"]
[Round "1.205"]
[White "Wafa, Shrook"]
[Black "Andhin, Chethanah"]
[Result "1-0"]
[ECO "C14"]
[WhiteElo "2137"]
[BlackElo "1607"]
[Annotator "NA RC"]
[PlyCount "39"]
[EventDate "2024.09.05"]
[EventType "team-tourn"]
[EventCountry "HUN"]
[SourceTitle "playchess.com"]
[Source "ChessBase"]
[SourceQuality "1"]
[WhiteTeam "Egypt"]
[BlackTeam "Mauritius"]
[WhiteTeamCountry "EGY"]
[BlackTeamCountry "MRI"]
[TimeControl "40/5400+30:1800+30"]

1. e4 e6 2. d4 d5 3. Nc3 Nf6 4. Bg5 Be7 5. Bxf6 Bxf6 6. Nf3 O-O 7. Bd3 b6 8. Qe2 Bb7 9. O-O-O c5 10. e5 Bg5+ 11. Kb1 c4 12. Bxh7+ Kxh7 13. h4 Be7 14. Ng5+ Kg6 15. Qf3 Bxg5 16. hxg5 Rh8 17. Ne2 f5 18. gxf6 Nd7 19. Qg4+ Kf7 20. Qxg7+ 1-0

[Event "45th FIDE Womens Olympiad 2024"]
[Site "Budapest"]
[Date "2024.09.11"]
[Round "1.206"]
[White "Acham, Meritza"]
[Black "Wafa, Shahenda"]
[Result "0-1"]
[ECO "E94"]
[WhiteElo "1667"]
[BlackElo "2102"]
[Annotator "ChessBase"]
[PlyCount "92"]
[EventDate "2024.09.05"]
[EventType "team-tourn"]
[EventCountry "HUN"]
[SourceTitle "playchess.com"]
[Source "ChessBase"]
[SourceQuality "1"]
[WhiteTeam "Mauritius"]
[BlackTeam "Egypt"]
[WhiteTeamCountry "MRI"]
[BlackTeamCountry "EGY"]
[TimeControl "40/5400+30:1800+30"]

1. d4 Nf6 2. c4 g6 3. Nc3 Bg7 4. e4 d6 5. Nf3 O-O 6. Be2 c6 7. O-O Nbd7 8. h3 e5 9. Be3 Re8 10. d5 c5 11. Qd2 a6 12. a4 Nf8 13. Rfb1 N6d7 14. Qc2 h6 15. b4 b6 16. bxc5 Nxc5 17. Bxc5 bxc5 18. Ra2 f5 19. Rab2 Qf6 20. Rb6 Nd7 21. Rc6 Bf8 22. Bd3 f4 23. Nh2 h5 24. Be2 Ra7 25. Qd1 Qd8 26. g3 fxg3 27. fxg3 Qg5 28. Kg2 Qd8 29. Qd2 Nf6 30. Qg5 Rg7 31. Nf3 Be7 32. Qh6 Qd7 33. Ng5 Bf8 34. Rxc8 Qxc8 35. Ne6 Rxe6 36. dxe6 Qxe6 37. Rf1 Be7 38. Qc1 g5 39. Rf5 Nxe4 40. Nxe4 Qxf5 41. Bd3 g4 42. hxg4 Qxg4 43. Qe3 h4 44. Kh2 hxg3+ 45. Qxg3 Qd1 46. Qh3 Qg1# 0-1

[Event "45th FIDE Womens Olympiad 2024"]
[Site "Budapest"]
[Date "2024.09.11"]
[Round "1.208"]
[White "Beekhy, Aamirah"]
[Black "Allam, Yara"]
[Result "0-1"]
[ECO "D02"]
[WhiteElo "1600"]
[BlackElo "1920"]
[Annotator "NA"]
[PlyCount "88"]
[EventDate "2024.09.05"]
[EventType "team-tourn"]
[EventCountry "HUN"]
[SourceTitle "playchess.com"]
[Source "ChessBase"]
[SourceQuality "1"]
[WhiteTeam "Mauritius"]
[BlackTeam "Egypt"]
[WhiteTeamCountry "MRI"]
[BlackTeamCountry "EGY"]
[TimeControl "40/5400+30:1800+30"]

1. d4 d5 2. Bf4 Nf6 3. e3 c5 4. Nf3 Nc6 5. Be2 Bf5 6. c3 Qb6 7. Na3 c4 8. Qc1 e6 9. Nb1 h6 10. h3 Be7 11. Nbd2 Qa5 12. O-O b5 13. a3 O-O 14. Bd1 Nh5 15. Bh2 Bh7 16. Bc2 f5 17. g4 Nf6 18. g5 hxg5 19. Nxg5 Nd8 20. Nxh7 Nxh7 21. Kh1 Rf6 22. f4 Rh6 23. Rf3 Nc6 24. Qg1 Kf7 25. Qg2 Rg8 26. Rg1 g6 27. Bd1 Qd8 28. Rg3 Bh4 29. Rf3 a5 30. Bg3 Be7 31. Bh2 b4 32. axb4 axb4 33. Rg3 Bh4 34. Rf3 Qa5 35. Bg3 Bxg3 36. Rxg3 bxc3 37. bxc3 Qxc3 38. Nf3 Qb4 39. Ng5+ Nxg5 40. Rxg5 Ne7 41. Qh2 Ra8 42. Qg3 Rah8 43. Kh2 Qd2+ 44. Qg2 Rxh3# 0-1

[Event "45th FIDE Womens Olympiad 2024"]
[Site "Budapest"]
[Date "2024.09.11"]
[Round "1.209"]
[White "Nomcebo, Sibisi"]
[Black "Wagener, Anna"]
[Result "0-1"]
[ECO "A88"]
[WhiteElo "1570"]
[BlackElo "2251"]
[Annotator "ChessBase"]
[PlyCount "86"]
[EventDate "2024.09.05"]
[EventType "team-tourn"]
[EventCountry "HUN"]
[SourceTitle "playchess.com"]
[Source "ChessBase"]
[SourceQuality "1"]
[WhiteTeam "Eswatini"]
[BlackTeam "Luxembourg"]
[BlackTeamCountry "LUX"]
[TimeControl "40/5400+30:1800+30"]

1. d4 f5 2. c4 Nf6 3. Nf3 g6 4. g3 Bg7 5. Bg2 O-O 6. O-O d6 7. Nc3 c6 8. Bg5 h6 9. Bxf6 Bxf6 10. e4 fxe4 11. Nxe4 Bg7 12. Rc1 Qe8 13. Re1 Qf7 14. b3 Na6 15. d5 c5 16. h3 Bd7 17. a3 Bb2 18. Rc2 Bxa3 19. Rce2 Rae8 20. Ned2 Bb2 21. Qb1 Bf6 22. Nf1 Nb4 23. Ne3 b5 24. Nh2 bxc4 25. bxc4 Bc3 26. Rf1 a5 27. Nhg4 Kh7 28. h4 Bxg4 29. Nxg4 Qf5 30. Re4 h5 31. Ne3 Qf6 32. Re6 Qg7 33. Be4 Rf6 34. Qd1 Rxe6 35. dxe6 Qe5 36. Qa4 Rf8 37. Bd5 Bd4 38. Qd7 Nxd5 39. Nxd5 Qxg3+ 40. Kh1 Qxh4+ 41. Kg1 Bxf2+ 42. Kg2 Qg3+ 43. Kh1 Qh3# 0-1

[Event "45th FIDE Womens Olympiad 2024"]
[Site "Budapest"]
[Date "2024.09.11"]
[Round "1.210"]
[White "Steil-Antoni, Fiona"]
[Black "Nkwanyane Nolwazi"]
[Result "1-0"]
[ECO "B01"]
[WhiteElo "2085"]
[BlackElo "1542"]
[Annotator "NA RC"]
[PlyCount "35"]
[EventDate "2024.09.05"]
[EventType "team-tourn"]
[EventCountry "HUN"]
[SourceTitle "playchess.com"]
[Source "ChessBase"]
[SourceQuality "1"]
[WhiteTeam "Luxembourg"]
[BlackTeam "Eswatini"]
[WhiteTeamCountry "LUX"]
[TimeControl "40/5400+30:1800+30"]

1. e4 d5 2. exd5 Qxd5 3. Nc3 Qd8 4. Nf3 Nf6 5. Bc4 e6 6. O-O Bc5 7. d4 Be7 8. Re1 c6 9. a4 Qc7 10. h3 h6 11. Be3 O-O 12. Qd2 Bb4 13. Bxh6 Bxc3 14. Qg5 Ne8 15. bxc3 Kh8 16. Bxg7+ Nxg7 17. Qh6+ Kg8 18. Ng5 1-0

[Event "45th FIDE Womens Olympiad 2024"]
[Site "Budapest"]
[Date "2024.09.11"]
[Round "1.211"]
[White "Dlamini Sincobile"]
[Black "Bakalarz, Grazyna"]
[Result "0-1"]
[ECO "D85"]
[WhiteElo "1572"]
[BlackElo "1928"]
[Annotator "NA"]
[PlyCount "80"]
[EventDate "2024.09.05"]
[EventType "team-tourn"]
[EventCountry "HUN"]
[SourceTitle "playchess.com"]
[Source "ChessBase"]
[SourceQuality "1"]
[WhiteTeam "Eswatini"]
[BlackTeam "Luxembourg"]
[BlackTeamCountry "LUX"]
[TimeControl "40/5400+30:1800+30"]

1. d4 Nf6 2. c4 g6 3. Nc3 d5 4. cxd5 Nxd5 5. e4 Nxc3 6. bxc3 Bg7 7. Nf3 c5 8. Bb5+ Bd7 9. Bxd7+ Nxd7 10. O-O O-O 11. Be3 Qa5 12. Qb3 b6 13. Rab1 Rac8 14. c4 cxd4 15. Bxd4 Bxd4 16. Nxd4 Nc5 17. Qc2 Rfd8 18. Rb5 Qa3 19. Nb3 Qa4 20. Rc1 Nd3 21. Nd2 Nc5 22. Qxa4 Nxa4 23. Rd5 e6 24. Rxd8+ Rxd8 25. Rc2 Rd3 26. f3 Kf8 27. Kf2 Ke7 28. Ke2 Rc3 29. Kd1 Kd6 30. Nb3 Rxc4 31. Rd2+ Kc7 32. Ke2 b5 33. Na5 Rc3 34. Rd3 Rc2+ 35. Rd2 Nc3+ 36. Kd3 Rxd2+ 37. Kxd2 Nxa2 38. Kd3 Nb4+ 39. Kd4 Nc6+ 40. Nxc6 Kxc6 0-1

[Event "45th FIDE Womens Olympiad 2024"]
[Site "Budapest"]
[Date "2024.09.11"]
[Round "1.212"]
[White "Kremer, Nadine"]
[Black "Nosimilo, Mkhonto"]
[Result "1-0"]
[ECO "C29"]
[WhiteElo "1898"]
[BlackElo "1561"]
[Annotator "NA"]
[PlyCount "79"]
[EventDate "2024.09.05"]
[EventType "team-tourn"]
[EventCountry "HUN"]
[SourceTitle "playchess.com"]
[Source "ChessBase"]
[SourceQuality "1"]
[WhiteTeam "Luxembourg"]
[BlackTeam "Eswatini"]
[WhiteTeamCountry "LUX"]
[TimeControl "40/5400+30:1800+30"]

1. e4 e5 2. Nc3 Nf6 3. f4 Nc6 4. fxe5 Nxe5 5. d4 Nc6 6. e5 Ng8 7. Nf3 Be7 8. d5 Nb4 9. a3 Na6 10. Bxa6 bxa6 11. d6 cxd6 12. exd6 Bh4+ 13. g3 Bf6 14. Nd5 Kf8 15. O-O Bb7 16. Nc7 Rc8 17. Be3 Rxc7 18. dxc7 Qxc7 19. Bd4 g6 20. Bxf6 Nxf6 21. Qd4 Kg7 22. Ne5 Re8 23. Ng4 Qb6 24. Qxb6 axb6 25. Rxf6 h5 26. Rxb6 Bc6 27. Nf2 Re2 28. Rxa6 Rxc2 29. b4 Rc4 30. Rb6 Rd4 31. a4 h4 32. a5 hxg3 33. hxg3 Bf3 34. a6 Rd5 35. a7 Rg5 36. g4 Ba8 37. Ra5 f5 38. Rb8 Be4 39. Nxe4 Rxg4+ 40. Kf2 1-0

[Event "45th FIDE Womens Olympiad 2024"]
[Site "Budapest"]
[Date "2024.09.11"]
[Round "1.214"]
[White "Marcos, Taqesyah"]
[Black "Vasquez Ramirez, Rocio"]
[Result "0-1"]
[ECO "D30"]
[WhiteElo "1679"]
[BlackElo "1981"]
[Annotator "NA RC"]
[PlyCount "98"]
[EventDate "2024.09.05"]
[EventType "team-tourn"]
[EventCountry "HUN"]
[SourceTitle "playchess.com"]
[Source "ChessBase"]
[SourceQuality "1"]
[WhiteTeam "Netherlands Antilles"]
[BlackTeam "Ecuador"]
[WhiteTeamCountry "AHO"]
[BlackTeamCountry "ECU"]
[TimeControl "40/5400+30:1800+30"]

1. d4 Nf6 2. e3 c5 3. Nf3 e6 4. c4 d5 5. Bd3 dxc4 6. Bxc4 a6 7. b3 b5 8. Bd3 Bb7 9. O-O Nbd7 10. Nbd2 cxd4 11. exd4 Be7 12. Re1 O-O 13. Bb2 Rc8 14. Rc1 Rxc1 15. Qxc1 Qa5 16. a3 Rc8 17. Qa1 Bd5 18. Rc1 Qd8 19. Qb1 g6 20. Ne5 Kg7 21. Be2 Bb7 22. Bf3 Nd5 23. Ne4 f5 24. Nc5 Nxc5 25. dxc5 Bf6 26. b4 Bxe5 27. Bxe5+ Kf7 28. Rd1 Bc6 29. h3 a5 30. Qc1 axb4 31. axb4 Qf8 32. Qg5 Kg8 33. h4 Ra8 34. h5 Qf7 35. hxg6 Qxg6 36. Qd2 Nxb4 37. Bxc6 Nxc6 38. Qf4 Ra4 39. Qe3 Re4 40. Qg3 Nxe5 41. Qc3 b4 42. Qa1 Qg7 43. Qa8+ Kf7 44. c6 Qg4 45. Qd8 Nf3+ 46. Kf1 Re1+ 47. Rxe1 Qc4+ 48. Re2 Qc1+ 49. Re1 Qxe1# 0-1

[Event "45th FIDE Womens Olympiad 2024"]
[Site "Budapest"]
[Date "2024.09.11"]
[Round "1.215"]
[White "Miranda Vargas, Analia Karen"]
[Black "Pourier, Dianthely"]
[Result "1-0"]
[ECO "A22"]
[WhiteElo "1891"]
[BlackElo "1548"]
[Annotator "NA"]
[PlyCount "59"]
[EventDate "2024.09.05"]
[EventType "team-tourn"]
[EventCountry "HUN"]
[SourceTitle "playchess.com"]
[Source "ChessBase"]
[SourceQuality "1"]
[WhiteTeam "Ecuador"]
[BlackTeam "Netherlands Antilles"]
[WhiteTeamCountry "ECU"]
[BlackTeamCountry "AHO"]
[TimeControl "40/5400+30:1800+30"]

1. e4 c6 2. c4 e5 3. Nc3 Nf6 4. d3 Bb4 5. Nf3 d6 6. Qb3 c5 7. Be2 h6 8. a3 Bxc3+ 9. Qxc3 Nc6 10. b4 b6 11. Rb1 O-O 12. h3 Re8 13. O-O Bb7 14. Be3 Qc7 15. Nh4 Nd4 16. Bd1 Rab8 17. f4 a6 18. Qd2 Qe7 19. Qf2 Bc8 20. bxc5 dxc5 21. fxe5 Nd7 22. Qg3 Rb7 23. Bxh6 Ne6 24. Nf5 Qf8 25. Bxg7 Nxg7 26. Nh6+ Kh7 27. Nxf7 Qe7 28. Qe3 Rh8 29. Qh6+ Kg8 30. Qxh8# 1-0

[Event "45th FIDE Womens Olympiad 2024"]
[Site "Budapest"]
[Date "2024.09.11"]
[Round "1.217"]
[White "Callender, Jessica"]
[Black "De Blecourt, Sandra"]
[Result "0-1"]
[ECO "A08"]
[WhiteElo "1579"]
[BlackElo "2065"]
[Annotator "NA"]
[PlyCount "74"]
[EventDate "2024.09.05"]
[EventType "team-tourn"]
[EventCountry "HUN"]
[SourceTitle "playchess.com"]
[Source "ChessBase"]
[SourceQuality "1"]
[WhiteTeam "Guyana"]
[BlackTeam "Denmark"]
[WhiteTeamCountry "GUY"]
[BlackTeamCountry "DEN"]
[TimeControl "40/5400+30:1800+30"]

1. Nf3 c5 2. g3 Nc6 3. Bg2 d5 4. d3 e5 5. O-O Bd6 6. Nbd2 Nge7 7. e4 d4 8. a4 O-O 9. Nc4 Bc7 10. Bd2 Bg4 11. Qc1 Qd7 12. Ne1 Be2 13. h4 f5 14. Bh3 Qe8 15. Ng2 fxe4 16. Re1 exd3 17. Be6+ Kh8 18. cxd3 Bxd3 19. Bg5 Bf5 20. Bxe7 Qxe7 21. Bxf5 Rxf5 22. Qd2 Raf8 23. Re2 e4 24. Rae1 Qf7 25. Kh2 Qxc4 26. Rxe4 Ne5 27. Qe2 Qxe2 28. R1xe2 d3 29. Rxe5 Bxe5 30. Rd2 Rxf2 31. Rxd3 Rxb2 32. Kh3 Kg8 33. Ne3 Rf3 34. Kg4 Rxg3+ 35. Kf5 Bd4 36. Ke4 Re2 37. Kf4 Rgxe3 0-1

[Event "45th FIDE Womens Olympiad 2024"]
[Site "Budapest"]
[Date "2024.09.11"]
[Round "1.218"]
[White "Kakulidis, Ellen"]
[Black "Shariff, Sasha Christina"]
[Result "1-0"]
[ECO "E09"]
[WhiteElo "2048"]
[BlackElo "1538"]
[Annotator "NA"]
[PlyCount "85"]
[EventDate "2024.09.05"]
[EventType "team-tourn"]
[EventCountry "HUN"]
[SourceTitle "playchess.com"]
[Source "ChessBase"]
[SourceQuality "1"]
[WhiteTeam "Denmark"]
[BlackTeam "Guyana"]
[WhiteTeamCountry "DEN"]
[BlackTeamCountry "GUY"]
[TimeControl "40/5400+30:1800+30"]

1. d4 d5 2. c4 c6 3. Nf3 Nf6 4. g3 e6 5. Bg2 Be7 6. O-O O-O 7. Qc2 Nbd7 8. Nbd2 b6 9. e4 dxe4 10. Nxe4 Nxe4 11. Qxe4 Bb7 12. Rd1 Nf6 13. Qc2 Rc8 14. Bf4 Bd6 15. Bxd6 Qxd6 16. Rac1 c5 17. dxc5 Qxc5 18. b3 Be4 19. Qe2 Rfd8 20. Nh4 Bxg2 21. Nxg2 Rd4 22. Rxd4 Qxd4 23. Rd1 Qc5 24. Rd3 e5 25. Ne3 e4 26. Rd2 Re8 27. Qd1 g6 28. Rd6 Re6 29. Rxe6 fxe6 30. Qd8+ Kg7 31. h3 Qf8 32. Qd4 e5 33. Qxe5 Qe8 34. Qxe8 Nxe8 35. Nd5 Kf7 36. Kf1 Ke6 37. Ke2 Ke5 38. Ke3 b5 39. Ne7 bxc4 40. bxc4 Kd6 41. Nc8+ Kc7 42. Nxa7 Nd6 43. Nb5+ 1-0

[Event "45th FIDE Womens Olympiad 2024"]
[Site "Budapest"]
[Date "2024.09.11"]
[Round "1.219"]
[White "Joshi, Aditi Narayan"]
[Black "Guindy, Esmat Susanne"]
[Result "0-1"]
[ECO "D57"]
[WhiteElo "1546"]
[BlackElo "2015"]
[Annotator "NA"]
[PlyCount "104"]
[EventDate "2024.09.05"]
[EventType "team-tourn"]
[EventCountry "HUN"]
[SourceTitle "playchess.com"]
[Source "ChessBase"]
[SourceQuality "1"]
[WhiteTeam "Guyana"]
[BlackTeam "Denmark"]
[WhiteTeamCountry "GUY"]
[BlackTeamCountry "DEN"]
[TimeControl "40/5400+30:1800+30"]

1. d4 d5 2. c4 e6 3. Nf3 Be7 4. Nc3 Nf6 5. Bg5 O-O 6. e3 h6 7. Bh4 Ne4 8. Bxe7 Qxe7 9. cxd5 Nxc3 10. bxc3 exd5 11. Bd3 c5 12. dxc5 Qd7 13. c6 Qxc6 14. Qd2 Qc5 15. O-O Nc6 16. Rac1 b6 17. Bc2 Na5 18. Bb1 Bb7 19. Qd3 g6 20. Ne5 Qe7 21. Qd4 Kh7 22. c4 Nxc4 23. Nxc4 dxc4 24. Qxc4 Qg5 25. Be4 Rac8 26. Qd3 Rfd8 27. Qb1 Rxc1 28. Rxc1 Bxe4 29. Qxe4 Qc5 30. Re1 Qa5 31. Rf1 Qxa2 32. h4 Qd5 33. Qc2 b5 34. e4 Qd3 35. Qc7 Rd7 36. Qf4 Re7 37. Qb8 a5 38. f3 b4 39. Qa8 Qd4+ 40. Kh1 Ra7 41. Qc8 b3 42. Qg4 Qd7 43. Qf4 a4 44. Qe3 Qe7 45. Qc3 Rb7 46. Rb1 Qc7 47. Qa1 Qc2 48. Rb2 Qxb2 49. Qxb2 a3 50. Qxa3 b2 51. e5 b1=Q+ 52. Kh2 Qe1 0-1

[Event "45th FIDE Womens Olympiad 2024"]
[Site "Budapest"]
[Date "2024.09.11"]
[Round "1.220"]
[White "Durrfeld, Sofie Bech"]
[Black "Clement, Ciel Desiree"]
[Result "1-0"]
[ECO "B24"]
[WhiteElo "1937"]
[BlackElo "1460"]
[Annotator "NA"]
[PlyCount "113"]
[EventDate "2024.09.05"]
[EventType "team-tourn"]
[EventCountry "HUN"]
[SourceTitle "playchess.com"]
[Source "ChessBase"]
[SourceQuality "1"]
[WhiteTeam "Denmark"]
[BlackTeam "Guyana"]
[WhiteTeamCountry "DEN"]
[BlackTeamCountry "GUY"]
[TimeControl "40/5400+30:1800+30"]

1. e4 c5 2. Nc3 e6 3. Nge2 Nc6 4. g3 Nf6 5. Bg2 Be7 6. O-O O-O 7. f4 d6 8. d3 Nd4 9. Nxd4 cxd4 10. Ne2 Qb6 11. h3 Qc5 12. g4 h6 13. Ng3 Bd7 14. Rf2 Bc6 15. f5 e5 16. g5 hxg5 17. Bxg5 d5 18. Bxf6 Bxf6 19. Nh5 Bg5 20. Qg4 f6 21. h4 Bh6 22. Kh2 Rac8 23. Rg1 Rc7 24. Bf3 Be3 25. Nxg7 Qe7 26. Ne6+ Kh8 27. Qh5+ Qh7 28. Qxh7+ Rxh7 29. Nxf8 Bxf2 30. Nxh7 Bxg1+ 31. Kxg1 dxe4 32. Nxf6 exf3 33. Kf2 Kg7 34. Ne4 Bd7 35. f6+ Kg6 36. h5+ Kf7 37. Kxf3 Bc6 38. Kg4 Bxe4 39. dxe4 Kxf6 40. h6 Kg6 41. h7 Kxh7 42. Kf5 Kg7 43. Kxe5 Kf7 44. Kxd4 Ke7 45. Kd5 Kd7 46. c4 b6 47. b4 a6 48. c5 b5 49. c6+ Kc7 50. e5 Kd8 51. Kd6 Kc8 52. e6 Kd8 53. c7+ Kc8 54. e7 Kb7 55. e8=Q a5 56. Qb8+ Ka6 57. c8=B# 1-0

[Event "45th FIDE Womens Olympiad 2024"]
[Site "Budapest"]
[Date "2024.09.11"]
[Round "1.221"]
[White "Maksimovic, Masa"]
[Black "Ahmed, Najla"]
[Result "1-0"]
[ECO "B15"]
[WhiteElo "2093"]
[BlackElo "1539"]
[Annotator "NA"]
[PlyCount "85"]
[EventDate "2024.09.05"]
[EventType "team-tourn"]
[EventCountry "HUN"]
[SourceTitle "playchess.com"]
[Source "ChessBase"]
[SourceQuality "1"]
[WhiteTeam "Bosnia & Herzegovina"]
[BlackTeam "Bahrain"]
[WhiteTeamCountry "BIH"]
[BlackTeamCountry "BRN"]
[TimeControl "40/5400+30:1800+30"]

1. e4 c6 2. d4 d5 3. Nc3 dxe4 4. Nxe4 Nf6 5. Nxf6+ exf6 6. c3 Bd6 7. Bd3 O-O 8. Qc2 Re8+ 9. Ne2 h5 10. O-O Nd7 11. Bd2 Nf8 12. c4 h4 13. h3 Bd7 14. Rae1 Rc8 15. b4 Bb8 16. Qd1 Ng6 17. Qc2 Qc7 18. f4 Nf8 19. Qb1 Rcd8 20. Nc3 Bc8 21. d5 a6 22. a3 Ba7+ 23. c5 cxd5 24. Rxe8 Rxe8 25. Nxd5 Qd8 26. Bc4 Be6 27. Qb3 Qd7 28. Be1 Rd8 29. Ne3 b6 30. f5 Bxc4 31. Qxc4 Qc7 32. Bf2 bxc5 33. Rc1 Rd4 34. Qxd4 cxd4 35. Rxc7 dxe3 36. Rxa7 exf2+ 37. Kxf2 g6 38. Rxa6 Kg7 39. b5 Nd7 40. b6 gxf5 41. b7 Kg6 42. Rd6 Nb8 43. Rd8 1-0

[Event "45th FIDE Womens Olympiad 2024"]
[Site "Budapest"]
[Date "2024.09.11"]
[Round "1.222"]
[White "Almusawi, Maram"]
[Black "Babic, Milana"]
[Result "0-1"]
[ECO "D59"]
[WhiteElo "1510"]
[BlackElo "2080"]
[Annotator "NA"]
[PlyCount "66"]
[EventDate "2024.09.05"]
[EventType "team-tourn"]
[EventCountry "HUN"]
[SourceTitle "playchess.com"]
[Source "ChessBase"]
[SourceQuality "1"]
[WhiteTeam "Bahrain"]
[BlackTeam "Bosnia & Herzegovina"]
[WhiteTeamCountry "BRN"]
[BlackTeamCountry "BIH"]
[TimeControl "40/5400+30:1800+30"]

1. d4 Nf6 2. c4 b6 3. Nc3 Bb7 4. Bg5 e6 5. e3 Be7 6. Nf3 h6 7. Bh4 O-O 8. Bd3 d5 9. O-O dxc4 10. Bxc4 Ne4 11. Bxe7 Qxe7 12. Be2 Nxc3 13. bxc3 Nd7 14. Qc2 Rac8 15. Rac1 Rfd8 16. Qa4 a6 17. Rfd1 Nf6 18. Nd2 Rd5 19. Bf3 Ra5 20. Qb4 c5 21. Qb2 Rb5 22. Qa1 Bxf3 23. Nxf3 c4 24. Rb1 Qa3 25. Rxb5 axb5 26. Rb1 Ne4 27. Rxb5 Nxc3 28. Rxb6 Ne2+ 29. Kf1 c3 30. Ne1 c2 31. Nxc2 Rxc2 32. Rb8+ Kh7 33. Qb1 Qd3 0-1

[Event "45th FIDE Womens Olympiad 2024"]
[Site "Budapest"]
[Date "2024.09.11"]
[Round "1.223"]
[White "Jacimovic, Sara"]
[Black "Sharaf, Hawra"]
[Result "1-0"]
[ECO "D00"]
[WhiteElo "1981"]
[BlackElo "1595"]
[Annotator "NA RC"]
[PlyCount "53"]
[EventDate "2024.09.05"]
[EventType "team-tourn"]
[EventCountry "HUN"]
[SourceTitle "playchess.com"]
[Source "ChessBase"]
[SourceQuality "1"]
[WhiteTeam "Bosnia & Herzegovina"]
[BlackTeam "Bahrain"]
[WhiteTeamCountry "BIH"]
[BlackTeamCountry "BRN"]
[TimeControl "40/5400+30:1800+30"]

1. d4 d5 2. e3 c6 3. Bd3 Nf6 4. f4 Bg4 5. Nf3 Nbd7 6. Nbd2 e6 7. c3 Be7 8. O-O O-O 9. Qe1 Rc8 10. Ne5 Bh5 11. e4 c5 12. Nxd7 Nxd7 13. e5 Bh4 14. Qe3 Bg6 15. Bxg6 fxg6 16. Qh3 Rf5 17. g4 Rf7 18. g5 cxd4 19. cxd4 Bxg5 20. fxg5 Qxg5+ 21. Qg3 Rxf1+ 22. Nxf1 Qf5 23. Bd2 Nb6 24. b3 Rf8 25. Re1 Rc8 26. Bb4 Rc2 27. Ne3 1-0

[Event "45th FIDE Womens Olympiad 2024"]
[Site "Budapest"]
[Date "2024.09.11"]
[Round "1.224"]
[White "Yaqoob, Wafa"]
[Black "Mahmutbegovic Smajilbasic, Nadina"]
[Result "0-1"]
[ECO "C54"]
[WhiteElo "1438"]
[BlackElo "1973"]
[Annotator "NA"]
[PlyCount "64"]
[EventDate "2024.09.05"]
[EventType "team-tourn"]
[EventCountry "HUN"]
[SourceTitle "playchess.com"]
[Source "ChessBase"]
[SourceQuality "1"]
[WhiteTeam "Bahrain"]
[BlackTeam "Bosnia & Herzegovina"]
[WhiteTeamCountry "BRN"]
[BlackTeamCountry "BIH"]
[TimeControl "40/5400+30:1800+30"]

1. e4 e5 2. Nf3 Nc6 3. Bc4 Bc5 4. c3 Nf6 5. d3 a6 6. Bb3 Ba7 7. O-O d6 8. Nbd2 O-O 9. h3 b5 10. Re1 Ne7 11. Nf1 Ng6 12. Ng3 h6 13. d4 c5 14. dxe5 dxe5 15. c4 Qb6 16. cxb5 axb5 17. Be3 Qc7 18. Rc1 Qe7 19. Nf5 Qc7 20. Nd6 Bd7 21. Qd2 c4 22. a4 Bxe3 23. Rxe3 Qb6 24. Ba2 Rxa4 25. Bxc4 bxc4 26. Nxc4 Qe6 27. b3 Ra6 28. Qc3 Rc8 29. Ree1 Rac6 30. Qb2 Nh5 31. Red1 Nhf4 32. Qd2 R6c7 0-1